 Dungeon Crawl Stone Soup version 0.21-a0-140-g479285b (webtiles) character file.

37 Ordine the Magician (level 3, 19/19 HPs)
             Began as a Deep Elf Wizard on July 20, 2017.
             Quit the game on level 1 of the Dungeon.
             The game lasted 00:03:12 (1427 turns).

Ordine the Magician (Deep Elf Wizard)               Turns: 1427, Time: 00:03:12

Health: 19/19      AC:  2    Str:  4    XL:     3   Next: 21%
Magic:  11/11      EV: 13    Int: 23    God:
Gold:   63         SH:  0    Dex: 13    Spells: 3/12 levels left

rFire    . . .     SeeInvis .   (no weapon)
rCold    . . .     Gourm    .   (no shield)
rNeg     . . .     Faith    .   a - +0 robe
rPois    .         Spirit   .   b - +0 hat
rElec    .         Reflect  .   (no cloak)
rCorr    .         Harm     .   (no gloves)
MR       .....                  (no boots)
Stlth    ++........             (no amulet)
HPRegen  0.06/turn              (no ring)
MPRegen  0.12/turn              (no ring)

@: no status effects
A: no striking features
a: no special abilities


You were on level 1 of the Dungeon.
You were very hungry.

You visited 1 branch of the dungeon, and saw 1 of its levels.

You collected 63 gold pieces.

Inventory:

Armour
 a - a +0 robe (worn)
 b - a +0 hat (worn)
Potions
 e - a potion of lignification
Books
 c - a book of Minor Magic

   Spells                             Type                      Level
   a - Magic Dart                     Conjuration                  1
   b - Blink                          Translocation                2
   c - Call Imp                       Summoning                    2
   d - Slow                           Hexes                        2
   e - Conjure Flame                  Conjuration/Fire             3
   f - Mephitic Cloud                 Conjuration/Poison/Air       3
Comestibles
 d - a bread ration


   Skills:
 + Level 2.8 Dodging
 + Level 2.6 Stealth
 + Level 5.4 Spellcasting
 + Level 1.1 Conjurations
   Level 1.1 Summonings
 + Level 1.7 Translocations
 + Level 0.0 Fire Magic
 + Level 0.0 Air Magic


You had 3 spell levels left.
You knew the following spells:

 Your Spells              Type           Power        Failure   Level  Hunger
a - Magic Dart            Conj           ##..         6%          1    None
b - Blink                 Tloc           N/A          7%          2    None
c - Conjure Flame         Conj/Fire      #.......     22%         3    ##.....
d - Mephitic Cloud        Conj/Pois/Air  #.......     24%         3    ##.....


Dungeon Overview and Level Annotations

Branches:
Dungeon (1/15)

Altars:


Message History

Confirm with . or Enter, or press ? or * to list all spells.
You can't see any susceptible monsters within range! (Use Z to cast anyway.) Unknown command.
Things that are here:
a club; 4 stones You see here a whip.
Partly explored, can't reach some places.
Partly explored, can't reach some places.
There is a stone staircase leading down here.
Partly explored, can't reach some places.
Partly explored, can't reach some places.
Partly explored, can't reach some places.
Partly explored, can't reach some places.
Okay, then.
Partly explored, can't reach some places.
Partly explored, can't reach some places.
Partly explored, can't reach some places.
Partly explored, can't reach some places.
Partly explored, can't reach some places.
Are you sure you want to abandon this character and quit the game? (Confirm with "yes".)

...........##..#.#
#8.8##♣##+#
...........###.#.##
#...###8#+#
..................#
#...'......
..([.......###....#
#...##8##.#
...........##.....#
#<.8# ≈#'#
...........##.....#
######♣##'#
.#####.######.....#
≈≈≈≈≈≈≈.≈ .# #...#
#.....# #######.#
####.### #...@##
#.. .....#
#....##########
##.. ######
#.............#
#...
#.............#
#...
####..(.......#
#.## #..........#
#.# #..........#
#.# #..........#
#.# #..........#
#.#


There were no monsters in sight!

Vanquished Creatures
  An adder (D:1)
  An ooze (D:1)
  An adder zombie (D:1)
  2 bats (D:1)
  A bat zombie (D:1)
  2 giant cockroaches (D:1)
  3 goblins (D:1)
  2 hobgoblins (D:1)
  A frilled lizard (D:1)
  4 kobolds (D:1)
  2 rats (D:1)
20 creatures vanquished.

Notes
Turn   | Place    | Note
-------+----------+-------------------------------------------
     0 | D:1      | Ordine the Deep Elf Wizard began the quest for the Orb.
     0 | D:1      | Reached XP level 1. HP: 10/10 MP: 7/7
   210 | D:1      | Reached XP level 2. HP: 15/15 MP: 5/9
   286 | D:1      | Learned a level 2 spell: Blink
   442 | D:1      | Reached skill level 5 in Spellcasting
   794 | D:1      | Reached XP level 3. HP: 4/19 MP: 2/11
  1212 | D:1      | Learned a level 3 spell: Conjure Flame
  1216 | D:1      | Learned a level 3 spell: Mephitic Cloud
  1427 | D:1      | Quit the game

Vault maps used:
D:1:      saegor_arrival_fortress, hangedman_abyss_or_decor_lesser_grid

Skill      XL: |  1  2 |
---------------+-------+-----
Spellcasting   | 5 |  5.4
Dodging        | |  2.8
Stealth        | |  2.6
Conjurations   | |  1.1
Summonings     | |  1.1
Translocations | |  1.7

Action                   || total
-------------------------++-------
 Cast: Magic Dart        ||    57
       Blink             ||     1
  Use: Scroll            ||     3
       Potion            ||     1
Armor: Robe              ||     6
Dodge: Dodged            ||     9
